 Dungeon Crawl Stone Soup version 0.26-b1-32-g5d43845318 (webtiles) character file.

Game seed: 6744281333612193798

98 Borgoz the Cudgeller (level 4, 0/29 HPs)
             Began as a Gargoyle Berserker on Jan 11, 2021.
             Was a Believer of Trog.
             Slain by Crazy Yiuf
             ... wielding a +4 quarterstaff of chaos
              (1 damage)
             ... on level 3 of the Dungeon.
             The game lasted 00:02:15 (2666 turns).

Borgoz the Cudgeller (Gargoyle Berserker)           Turns: 2666, Time: 00:02:16

Health: 0/29       AC: 12    Str: 21    XL:     4   Next: 69%
Magic:  4/4        EV: 10    Int: 13    God:    Trog [**....]
Gold:   181        SH:  0    Dex: 10    Spells: 3/3 levels left

rFire    . . .     SeeInvis .   a - +0 mace
rCold    . . .     Faith    .   (no shield)
rNeg     + . .     Spirit   .   c - +1 scale mail
rPois    ∞         Reflect  .   l - +0 helmet
rElec    +         Harm     .   (no cloak)
rCorr    .         Rampage  .   (no gloves)
Will     .....                  (no boots)
Stlth    ..........             p - amulet of the acrobat
HPRegen  0.09/turn              m - +6 ring of intelligence
MPRegen  0.09/turn              (no ring)

@: mighty, hasted, very quick
A: negative energy resistance 1, electricity resistance, unbreathing,
petrification resistance, miasma immunity, AC +3
a: Renounce Religion, Berserk, Trog's Hand


You were on level 3 of the Dungeon.
You worshipped Trog.
Trog was pleased with you.
You visited 1 branch of the dungeon, and saw 3 of its levels.

You collected 181 gold pieces.

Inventory:

Hand Weapons
 a - a +0 mace (weapon)
Armour
 c - a +1 scale mail (worn)
 l - a +0 helmet (worn)
Jewellery
 m - a +6 ring of intelligence (left hand)
 p - an amulet of the acrobat (around neck)
Scrolls
 b - a scroll of magic mapping {unknown}
 e - a scroll of enchant armour
 g - 2 scrolls of teleportation {unknown}
 h - a scroll of fear
 k - a scroll of fog {unknown}
 q - a scroll of remove curse
Potions
 d - a potion of invisibility {unknown}
 f - a potion of heal wounds {unknown}
 i - a potion of berserk rage {unknown}
 j - a potion of curing {unknown}
 n - a potion of brilliance {unknown}
 o - a potion of haste {unknown}


   Skills:
 + Level 3.7 Fighting
 * Level 3.9 Maces & Flails
 + Level 2.9 Armour
 * Level 2.5 Dodging


You had 3 spell levels left.
You didn't know any spells.
Your spell library was empty.

Dungeon Overview and Level Annotations

Branches:
Dungeon (3/15)

Altars:
Gozag

Annotations:
D:3 Crazy Yiuf


Innate Abilities, Weirdness & Mutations

You are resistant to torment.
Your stone body is resilient. (AC +3)
You are immune to poison.
You resist negative energy. (rN+)
You are resistant to electric shocks. (rElec)
You can survive without breathing.
You are immune to petrification.
You are immune to miasma.


Message History

Crazy Yiuf is lightly wounded.
Crazy Yiuf hits you with a +4 quarterstaff of chaos.
Crazy Yiuf freezes you.
You sock Crazy Yiuf!
Crazy Yiuf is severely wounded.
Crazy Yiuf says, "Ghoul!
Paint testudinal horse."
Crazy Yiuf hits you but does no damage. Space warps horribly around you!
Ouch! That really hurt!
* * * LOW HITPOINT WARNING * * *
Your scale mail prevents you from hitting Crazy Yiuf.
Crazy Yiuf is severely wounded.
Crazy Yiuf hits you with a +4 quarterstaff of chaos.
* * * LOW HITPOINT WARNING * * *
You feel yourself speed up.
You barely miss Crazy Yiuf.
Crazy Yiuf is severely wounded.
Crazy Yiuf hits you with a +4 quarterstaff of chaos.
* * * LOW HITPOINT WARNING * * *
Crazy Yiuf freezes you.
You die...

.......#.# ###
#.#.#.. ######.#.#
#.# #.#.### #.#.#
#.# #.#...#
######.#.# #####
#.####.###.#
.....#.#.# #..)#
#........#..
####.#.#.# #...#
#.####.#.#.#
.....#.#.# ...
#.###......#
#........# #g#
#.##.....#.#
.........# ♣♣@♣
#.##.....#..
.........# ♣.♣♣
####.....###
.........### ♣♣.♣
#...)....
.........#.# ♣.♣♣
##.##'##.
<........#.# ♣♣.♣
#......#.
........)#.# ♣.P♣♣♣
#......#.
..######)#.# ♣.PPP♣
####......#. .....#
#.#.# #....#
#.....##.##. ..##.#
#.#.#
#....####........##.


You could see Crazy Yiuf.

Vanquished Creatures
  2 adders (D:2)
  A gnoll (D:1)
  An ooze (D:1)
  A dart slug (D:1)
  2 leopard geckos
  5 orcs (D:3)
  7 giant cockroaches
  A hobgoblin (D:2)
  3 jackals (D:2)
  9 bats
  2 frilled lizards (D:2)
  6 goblins
  9 kobolds
  5 rats
54 creatures vanquished.

Vanquished Creatures (others)
  A fungus (D:3)
1 creature vanquished.

Grand Total: 55 creatures vanquished

Notes
Turn   | Place    | Note
-------+----------+-------------------------------------------
     0 | D:1      | Borgoz the Gargoyle Berserker began the quest for the Orb.
     0 | D:1      | Reached XP level 1. HP: 14/14 MP: 1/1
   157 | D:1      | Reached XP level 2. HP: 19/19 MP: 2/2
   507 | D:1      | Reached XP level 3. HP: 23/23 MP: 3/3
  1004 | D:2      | Reached ** piety under Trog
  1100 | D:2      | Reached XP level 4. HP: 24/29 MP: 4/4
  1215 | D:2      | Found an opulent altar of Gozag.
  2656 | D:3      | Found a runed translucent door.
  2657 | D:3      | Noticed Crazy Yiuf
  2666 | D:3      | HP: 1/29 [Crazy Yiuf/+4 quarterstaff of chaos (2)]
  2666 | D:3      | Slain by Crazy Yiuf

Illustrated notes

Levels and vault maps discovered:
D:1:      wander_arrival_peaceful_grave, layout_rooms,
          corexii_item_surrounded_by_moat
D:2:      layout_basic, lemuel_round_altar
D:3:      wander_river, layout_basic, kennysheep_generic_room_10,
          uniq_crazy_yiuf_cottage

Skill      XL: |  1  2 |
---------------+-------+-----
Dodging        | 2 |  2.5
Fighting       | |  3.7
Maces & Flails | |  3.9
Armour         | |  2.9

Action                   |  1- 3 |  4- 6 || total
-------------------------+-------+-------++-------
Melee: Mace              |   109 |    94 ||   203
  Use: Scroll            |     4 |     1 ||     5
Armor: Scale mail        |   102 |    68 ||   170
       Animal skin       |     1 |       ||     1
Dodge: Dodged            |    96 |    82 ||   178
